 Dungeon Crawl Stone Soup version 0.30-a0-451-ge042605de7 (webtiles) character file.

Game seed: 16421118754020679066

56888 funkygono the Thaumaturge (level 14, -25/94 HPs)
             Began as a Demonspawn Fire Elementalist on Dec 11, 2022.
             Was a High Priest of Vehumet.
             Annihilated by an orc warlord
             ... wielding a +0 great mace
              (42 damage)
             ... on level 2 of the Orcish Mines.
             The game lasted 00:51:28 (22175 turns).

funkygono the Thaumaturge (DsFE)                   Turns: 22175, Time: 00:51:29

Health: -25/94     AC: 21    Str: 11    XL:     14   Next: 43%
Magic:  17/32      EV: 12    Int: 27    God:    Vehumet [*****.]
Gold:   1630       SH:  0    Dex: 14    Spells: 20/42 levels left

rFire   + . .      SeeInvis .    s - +10 long sword "Suryplez" {vorpal, rF+ Str+3 Dex-5}
rCold   . . .      Faith    .    (no shield)
rNeg    . . .      Spirit   .    a - +0 swamp dragon scales
rPois   +          Reflect  .    w - +1 helmet
rElec   .          Harm     .    T - +0 cloak
rCorr   .          Rampage  .    M - +2 pair of gloves
Will    +....                    p - +1 pair of boots
Stlth   +++.......               x - amulet of regeneration
HPRegen 6.15/turn                A - +4 ring of protection
MPRegen 0.23/turn                t - +6 ring of intelligence

@: no status effects
A: claws 2, thin skeletal structure 2, powered by death 3, demonic magic 1
a: Renounce Religion


You were on level 2 of the Orcish Mines.
You worshipped Vehumet.
Vehumet was extremely pleased with you.
You visited 4 branches of the dungeon, and saw 20 of its levels.
You also visited: Ossuary.

You collected 2134 gold pieces.
You spent 504 gold pieces at shops.

Inventory:

Hand Weapons
 s - the +10 long sword "Suryplez" (weapon) {vorpal, rF+ Str+3 Dex-5}
   (You found it on level 3 of the Lair of Beasts)

   It inflicts extra damage upon your enemies.
   Str:       It affects your strength (+3).
   Dex:       It affects your dexterity (-5).
   rF:        It protects you from fire.
 R - a +4 scimitar of electrocution
Armour
 a - +0 swamp dragon scales (worn)
 b - the +7 Kryia's mail coat {PotionHeal*2 rC+}
   (You took it off an orc on level 12 of the Dungeon)

   Potions are twice as effective at healing its wearer.
   rC:        It protects you from cold.
 e - a +2 robe of the Archmagi
 p - a +1 pair of boots (worn)
 w - a +1 helmet (worn)
 M - a +2 pair of gloves (worn)
 T - a +0 cloak (worn)
Jewellery
 h - a ring of willpower
 n - a ring of magical power
 t - a +6 ring of intelligence (right hand)
 x - an amulet of regeneration (around neck)
 A - a +4 ring of protection (left hand)
 L - a ring of see invisible
 W - the Hermit's Pendant {Faith Invo=14 Evo=0 MP+5}
   (You found it on level 8 of the Dungeon)

   [amulet of faith]

   It sets your invocations skill to 14 and your evocations skill to 0.
   It allows you to gain divine favour quickly.
   MP:        It affects your magic capacity (+5).
Wands
 k - a wand of acid (31)
 o - a wand of flame (27)
 K - a wand of paralysis (16)
 U - a wand of polymorph (4)
 X - a wand of iceblast (24) (quivered)
Scrolls
 c - 3 scrolls of poison
 y - a scroll of fear
 E - 9 scrolls of teleportation
 P - a scroll of magic mapping
 Y - 2 scrolls of fog
 Z - a scroll of amnesia
Potions
 d - 4 potions of mutation
 f - a potion of berserk rage {unknown}
 g - 6 potions of haste
 i - 10 potions of curing
 l - 2 potions of resistance
 m - a potion of invisibility {unknown}
 r - 2 potions of ambrosia
 u - 2 potions of cancellation
 C - a potion of magic
 D - 6 potions of might
 G - 3 potions of heal wounds
 O - 5 potions of flight
 Q - a potion of brilliance {unknown}
 V - a potion of attraction {unknown}


   Skills:
 + Level 3.7 Fighting
 + Level 3.7(4.7) Short Blades
 + Level 4.1(4.9) Long Blades
 + Level 5.9 Armour
 + Level 5.1 Dodging
 - Level 1.7 Stealth
 + Level 14.7 Spellcasting
 + Level 9.5 Conjurations
 + Level 13.0 Fire Magic
 + Level 2.6 Air Magic


You had 20 spell levels left.
You knew the following spells:

 Your Spells              Type           Power      Damage    Failure   Level
a - Foxfire               Conj/Fire      100%       2x1d9     1%          1
b - Scorch                Fire           100%       2d10      1%          2
c - Kindle Blastsparks    Fire/Tloc/Air  96%        2d18      1%          3
d - Flame Wave            Conj/Fire      69%        2d16      1%          4
e - Searing Ray           Conj           100%       2d8       1%          2
f - Sandblast             Erth           38%        2d10      1%          1
g - Airstrike             Air            17%        2d(3-19)  5%          4
h - Lightning Bolt        Conj/Air       26%        1d42      3%          5

Your spell library contained the following spells:

 Spells                   Type           Power      Damage    Failure   Level
 Iskenderun's Mystic Bla  Conj/Tloc      45%        2d10      2%          4
 Freeze                   Ice            76%        1d8       1%          1
 Magic Dart               Conj           100%       1d8       1%          1
 Shock                    Conj/Air       100%       1d9       1%          1
 Momentum Strike          Conj/Tloc      90%        3d10      1%          2
 Hailstorm                Conj/Ice       45%        3d10      1%          3
 Inner Flame              Hex/Fire       53%        N/A       1%          3
 Fulminant Prism          Conj/Hex       22%        3d12      2%          4
 Frozen Ramparts          Ice            38%        1d6       4%          3
 Summon Small Mammal      Summ           76%        N/A       5%          1
 Swiftness                Air            34%        N/A       5%          3
 Irradiate                Conj/Tmut      22%        3d19      6%          5
 Blink                    Tloc           38%        N/A       9%          2
 Sublimation of Blood     Necr           19%        N/A       9%          2
 Call Canine Familiar     Summ           19%        N/A       17%         3
 Lesser Beckoning         Tloc           38%        N/A       17%         3
 Portal Projectile        Hex/Tloc       38%        N/A       17%         3
 Summon Guardian Golem    Hex/Summ       19%        N/A       17%         3
 Tukima's Dance           Hex            19%        N/A       17%         3
 Summon Lightning Spire   Summ/Air       27%        N/A       32%         4
 Yara's Violent Unravell  Hex/Tmut       9%         3d6       36%         5
 Manifold Assault         Tloc           19%        N/A       50%         4
 Passage of Golubria      Tloc           19%        N/A       50%         4
 Petrify                  Tmut/Erth      19%        N/A       50%         4
 Alistair's Intoxication  Tmut/Pois      12%        N/A       83%         5
 Blade Hands              Tmut           9%         N/A       83%         5
 Borgnjor's Vile Clutch   Necr/Erth      9%         N/A       83%         5
 Eringya's Noxious Bog    Tmut/Pois      9%         N/A       88%         6
 Dispersal                Tloc           9%         N/A       100%        6
 Summon Cactus Giant      Summ           9%         N/A       100%        6
 Storm Form               Tmut/Air       13%        N/A       100%        7
 Disjunction              Tloc           9%         N/A       100%        8
 Maxwell's Capacitive Co  Air            17%        ∞         100%        8


Dungeon Overview and Level Annotations

Branches:
Dungeon (12/15)            Temple (1/1) D:5            Lair (5/5) D:11
  Swamp (0/4) Lair:2        Snake (0/4) Lair:3        Slime (0/5) Lair:4
    Orc (2/2) D:12            Elf (0/3) Orc:2       Ossuary (visited)

Altars:
Ashenzari
Cheibriados
Dithmenos
Fedhas
Gozag
Hepliaklqana
Kikubaaqudgha
Makhleb
Nemelex Xobeh
Okawaru
Qazlal
Ru
Sif Muna
Trog
Uskayaw
Vehumet
Wu Jian
Xom
Yredelemnul

Shops:
D:7 ?   D:9 :   D:10 =


Innate Abilities, Weirdness & Mutations

You have very sharp fingernails.
You have a moderately thin skeletal structure. (Dex +4, Stealth++)
You regenerate a lot of health from kills.
Spells you cast may paralyse adjacent enemies.


Message History

Confirm with . or Enter, or press ? or * to list all spells.
Casting: Flame Wave (safe; 1% risk of failure)
Press: ? - help, Dir - look around, f - activate A wave of flame ripples out!
The flame wave engulfs the orc warlord!
The orc warlord is heavily wounded. (Press . to intensify the flame waves.) Malevolent energies surge around you.
You hear a shout!
The orc warlord barely misses you.
The orc high priest utters an invocation to Beogh.
You hear a chilling moan.
A wave of flame ripples out!
The flame wave engulfs the orc knight.
The orc knight is moderately wounded.
The flame wave engulfs the orc warlord!
The orc warlord is heavily wounded.
The flame wave engulfs the orc high priest!!
The orc high priest is heavily wounded.
You hear a shout!
The orc warlord hits you with a +0 great mace!
The orc knight hits you with a +0 battleaxe.
A wave of flame ripples out!
The flame wave engulfs the orc knight!!
The orc knight is severely wounded.
The flame wave engulfs the orc warlord but does no damage.
The orc warlord is heavily wounded.
Vehumet accepts your kill.
You feel a bit more experienced.
The flame wave engulfs the orc high priest!!
You kill the orc high priest!
Vehumet accepts your kill.
The ice devil disappears in a puff of smoke!
The flame wave engulfs something!
Vehumet accepts your kill.
You feel your power returning.
Reactivating autopickup.
You feel a bit more experienced.
You hear a shout!
The orc knight hits you with a +0 battleaxe!!
* * * LOW HITPOINT WARNING * * *
The orc warlord hits you with a +0 great mace!!!
You die...

o.........
..#...><...
o########
###...#.......
o.o...... .......
......... # ..#....
..o{.......#.......
....#)..#.#.#.....#
.....))##).)......
#.))#@#).......
#.))oo.##......
#...§##)#.....#..
....... ##......#
..#...# #.#..#..
##.... #.......
##... #.....# #..
#.#.# ##. #...


You could see an orc warlord (strong) and an orc knight (strong).

Vanquished Creatures
  Josephine (D:12)
  Harold (D:11)
  Erolcha (Orc:1)
  4 hydras
  The ghost of Turgor the Merchant of Misery, a novice DsNe of Kikubaaqudgha (D:9)
  A catoblepas (Lair:3)
  Erica (D:9)
  A boulder beetle (D:12)
  2 two-headed ogres
  Urug (Lair:2)
  An orc high priest (Orc:2)
  Sonja (Lair:5)
  Nergalle (Lair:2)
  Amaemon (D:8)
  3 deep elf pyromancers (D:12)
  2 orc sorcerers (Orc:2)
  An ugly thing (D:7)
  A manticore (D:11)
  A cyclops (D:7)
  2 wolf spiders (Lair:5)
  Maurice (D:8)
  10 black mambas
  A gargoyle (D:11)
  A guardian serpent (Lair:5)
  A torpor snail (Lair:5)
  Maggie (Lair:2)
  26 cane toads
  An orange demon (D:8)
  5 kobold demonologists
  An efreet (D:11)
  2 unseen horrors
  Psyche (D:11)
  7 komodo dragons
  4 rime drakes
  7 trolls
  3 polar bears
  2 hornets (Lair:5)
  Grinder (D:5)
  4 blink frogs
  2 shadows (D:11)
  6 wraiths
  A vampire (D:11)
  17 wyverns
  47 yaks
  Eustachio (D:5)
  6 basilisks
  6 vampire mosquitoes
  A steam dragon (D:6)
  Grum (D:8)
  2 redbacks (Lair:5)
  5 wargs
  2 nagas (Lair:3)
  An acid dragon (D:12)
  Edmund (D:5)
  24 water moccasins
  3 sky beasts
  Duvessa (D:5)
  2 black bears
  7 orc warriors
  An ice beast (D:6)
  2 ogres
  2 centaurs
  2 wolves (D:8)
  13 kobold brigands
  12 bullfrogs
  A gnoll sergeant (D:7)
  A wight (D:7)
  3 scorpions
  Dowan (D:5)
  4 killer bees
  7 howler monkeys
  An electric eel (Lair:1)
  A centaur zombie (Ossuary)
  13 orc priests
  4 hounds
  A human zombie (Ossuary)
  A jelly (D:5)
  A scorpion zombie (D:3)
  6 iguanas
  18 orc wizards
  A hound zombie (D:3)
  2 mummies (Ossuary)
  4 gnolls
  11 adders
  2 shadow imps
  3 white imps
  5 ufetubi
  2 adder zombies (D:3)
  2 worms (D:2)
  2 dart slugs
  71 orcs
  9 endoplasms
  3 giant cockroaches
  A gnoll zombie (Ossuary)
  10 goblins
  7 hobgoblins
  11 jackals
  15 kobolds
  3 quokkas
  11 ball pythons
  5 bats
  4 frilled lizards
  4 goblin zombies (Ossuary)
  3 hobgoblin zombies (Ossuary)
  4 orc zombies (Ossuary)
  2 rats
535 creatures vanquished.

Vanquished Creatures (collateral kills)
  16 foxfires
16 creatures vanquished.

Vanquished Creatures (others)
  2 bushes (Lair:5)
  1306 foxfires
  54 fungi
  73 plants
1435 creatures vanquished.

Grand Total: 1986 creatures vanquished

Notes
Turn   | Place    | Note
-------+----------+-------------------------------------------
     0 | D:1      | funkygono the Demonspawn Fire Elementalist began the quest
                  | for the Orb.
     0 | D:1      | Reached XP level 1. HP: 13/13 MP: 3/3
    87 | D:1      | Gained mutation: You have sharp fingernails. [demonic
                  | ancestry]
    87 | D:1      | Reached XP level 2. HP: 6/19 MP: 0/5
   177 | D:1      | Learned a level 2 spell: Scorch
  1067 | D:2      | Found a bloodstained altar of Trog.
  1088 | D:2      | Gained mutation: You regenerate a little health from kills.
                  | [demonic ancestry]
  1088 | D:2      | Reached XP level 3. HP: 24/24 MP: 3/6
  1419 | D:2      | Identified the +5 rapier "Sauk" {freeze, Int+3}
  1832 | D:2      | Gained mutation: You have a somewhat thin skeletal
                  | structure. (Dex +2, Stealth+) [demonic ancestry]
  1832 | D:2      | Reached XP level 4. HP: 30/30 MP: 0/7
  2140 | D:2      | Identified the +5 short sword "Wubbu" {flame, Will- Int-5
                  | Dex+10}
  2735 | D:3      | Learned a level 3 spell: Kindle Blastsparks
  3296 | D:3      | Reached skill level 3 in Spellcasting
  3296 | D:3      | Reached XP level 5. HP: 35/35 MP: 1/9
  3516 | D:3      | Found a basalt altar of Yredelemnul.
  4182 | D:3      | Learned a level 4 spell: Flame Wave
  4470 | D:4      | Reached skill level 4 in Spellcasting
  4476 | D:4      | Gained mutation: You regenerate health from kills. [demonic
                  | ancestry]
  4476 | D:4      | Reached XP level 6. HP: 41/41 MP: 1/12
  5125 | D:5      | Entered Level 5 of the Dungeon
  5229 | D:5      | Reached skill level 5 in Fire Magic
  5229 | D:5      | Reached XP level 7. HP: 46/46 MP: 0/13
  5465 | D:5      | Noticed Edmund
  5467 | D:5      | Noticed Duvessa
  5468 | D:5      | Noticed Dowan
  5472 | D:5      | Killed Edmund
  5480 | D:5      | Killed Duvessa
  5481 | D:5      | Reached skill level 1 in Short Blades
  5481 | D:5      | Reached skill level 5 in Spellcasting
  5485 | D:5      | Killed Dowan
  5580 | D:5      | Noticed Eustachio
  5588 | D:5      | Killed Eustachio
  5760 | D:5      | Reached XP level 8. HP: 53/53 MP: 12/16
  5943 | D:5      | Found a shimmering altar of Xom.
  6196 | D:5      | Noticed Grinder
  6204 | D:5      | Killed Grinder
  6205 | D:5      | Reached skill level 6 in Spellcasting
  6342 | D:5      | Found a staircase to the Ecumenical Temple.
  6562 | Temple   | Entered the Ecumenical Temple
  6676 | D:6      | Learned a level 2 spell: Searing Ray
  6823 | D:6      | Reached skill level 1 in Armour
  7207 | D:6      | Reached skill level 1 in Fighting
  7254 | D:6      | Found a hazy altar of Hepliaklqana.
  7306 | D:6      | Found a shadowy altar of Dithmenos.
  7872 | D:7      | Gained mutation: You have a moderately thin skeletal
                  | structure. (Dex +4, Stealth++) [demonic ancestry]
  7872 | D:7      | Reached XP level 9. HP: 59/59 MP: 12/19
  7991 | D:7      | Found a radiant altar of Vehumet.
  7996 | D:7      | Found a blossoming altar of Fedhas.
  7998 | D:7      | Became a worshipper of Vehumet
  8042 | D:7      | Reached skill level 7 in Spellcasting
  8202 | D:7      | Found Qaom's Magic Scroll Boutique.
  8224 | D:7      | Found a sand-covered staircase.
  8229 | Ossuary  | Entered an ossuary
  8696 | D:7      | Reached skill level 5 in Conjurations
  8719 | D:7      | Killed an unseen horror
  8719 | D:7      | Reached * piety under Vehumet
  8719 | D:7      | Offered knowledge of Freeze by Vehumet.
  9115 | D:7      | Noticed a green ugly thing
  9115 | D:7      | Noticed a troll
  9115 | D:7      | Noticed a two-headed ogre
  9115 | D:7      | Noticed a cyclops
  9120 | D:7      | Killed a green ugly thing
  9120 | D:7      | Killed a two-headed ogre
  9120 | D:7      | Killed a troll
  9121 | D:7      | Reached skill level 8 in Spellcasting
  9121 | D:7      | Gained mutation: Spells you cast may paralyse adjacent
                  | enemies. [demonic ancestry]
  9121 | D:7      | Reached XP level 10. HP: 65/65 MP: 13/22
  9122 | D:7      | Killed a cyclops
  9609 | D:8      | Reached skill level 9 in Spellcasting
  9718 | D:8      | Found a broken altar of Ashenzari.
  9748 | D:8      | Reached ** piety under Vehumet
  9843 | D:8      | Noticed a two-headed ogre
  9855 | D:8      | Killed a two-headed ogre
  9855 | D:8      | Offered knowledge of Sandblast by Vehumet.
 10060 | D:8      | Found a shimmering blue altar of Sif Muna.
 10109 | D:8      | Noticed an orange demon
 10110 | D:8      | Noticed Amaemon
 10116 | D:8      | Killed an orange demon
 10121 | D:8      | Killed Amaemon
 10228 | D:8      | Noticed Maurice
 10240 | D:8      | Killed Maurice
 10352 | D:8      | Noticed Grum
 10358 | D:8      | Killed Grum
 10359 | D:8      | Gained mutation: You regenerate a lot of health from kills.
                  | [demonic ancestry]
 10359 | D:8      | Reached XP level 11. HP: 70/70 MP: 14/24
 10366 | D:8      | Reached skill level 10 in Spellcasting
 10431 | D:8      | Found a faded altar of an unknown god.
 10431 | D:8      | Found the Hermit's Pendant {Faith Invo=14 Evo=0 MP+5}
 10539 | D:8      | Learned a level 1 spell: Sandblast
 10613 | D:9      | Noticed Erica
 10619 | D:9      | Killed Erica
 10942 | D:9      | Reached skill level 10 in Fire Magic
 11014 | D:9      | Found Duirovuj's Book Boutique.
 11475 | D:9      | Found a runed translucent gate.
 11476 | D:9      | Found a runed translucent gate.
 11478 | D:9      | Found a runed translucent gate.
 11478 | D:9      | Noticed Turgor's ghost (novice DsNe)
 11511 | D:9      | Offered knowledge of Poisonous Vapours by Vehumet.
 11525 | D:9      | Noticed a sun demon
 11555 | D:9      | Killed Turgor's ghost
 11694 | D:9      | Identified the +6 war axe of Past Mistakes {drain, rC+
                  | Int+4}
 11731 | D:10     | Entered Level 10 of the Dungeon
 11796 | D:10     | Reached *** piety under Vehumet
 11939 | D:10     | Found a stormy altar of Qazlal.
 12139 | D:10     | Found Kecki's Jewellery Emporium.
 12148 | D:10     | Bought a +4 ring of protection for 504 gold pieces
 12278 | D:11     | Found a staircase to the Lair.
 12371 | D:11     | Noticed a soul eater
 12375 | D:11     | Reached skill level 11 in Spellcasting
 12520 | D:11     | HP: 2/72 [efreet/bolt of fire (12)]
 12523 | D:11     | Offered knowledge of Sticky Flame by Vehumet.
 12661 | D:11     | Noticed Harold
 12691 | D:11     | Killed Harold
 12934 | D:11     | Reached XP level 12. HP: 78/78 MP: 17/27
 13070 | D:11     | Noticed Psyche
 13077 | D:11     | Killed Psyche
 13334 | D:11     | Learned a level 4 spell: Airstrike
 13454 | Lair:1   | Entered Level 1 of the Lair of Beasts
 13814 | Lair:1   | Reached **** piety under Vehumet
 13888 | Lair:1   | Reached skill level 12 in Spellcasting
 14430 | Lair:2   | Found a staircase to the Swamp.
 14460 | Lair:2   | Offered knowledge of Lightning Bolt by Vehumet.
 14467 | Lair:2   | Learned a level 5 spell: Lightning Bolt
 14514 | Lair:2   | Reached skill level 1 in Air Magic
 14703 | Lair:2   | Noticed Maggie
 14722 | Lair:2   | Killed Maggie
 14867 | Lair:2   | Noticed Urug
 14880 | Lair:2   | Killed Urug
 15648 | Lair:2   | Noticed Nergalle
 15656 | Lair:2   | Killed Nergalle
 16204 | Lair:3   | Identified the +10 long sword "Suryplez" {vorpal, rF+ Str+3
                  | Dex-5}
 16246 | Lair:3   | Noticed a catoblepas
 16282 | Lair:3   | Killed a catoblepas
 16336 | Lair:3   | Found a staircase to the Snake Pit.
 17084 | Lair:4   | Noticed a four-headed hydra
 17097 | Lair:4   | Killed a four-headed hydra
 17098 | Lair:4   | Reached skill level 13 in Spellcasting
 17181 | Lair:4   | Reached XP level 13. HP: 45/85 MP: 22/30
 17598 | Lair:4   | Found a staircase to the Slime Pits.
 17653 | Lair:4   | Reached ***** piety under Vehumet
 17791 | Lair:4   | Offered knowledge of Ozocubu's Refrigeration by Vehumet.
 17792 | Lair:4   | Reached skill level 1 in Long Blades
 18475 | Lair:5   | Entered Level 5 of the Lair of Beasts
 18510 | Lair:5   | Reached skill level 5 in Armour
 19288 | Lair:5   | Reached skill level 14 in Spellcasting
 19288 | Lair:5   | Offered knowledge of Iskenderun's Mystic Blast by Vehumet.
 19570 | Lair:5   | Noticed Sonja
 19591 | Lair:5   | Killed Sonja
 19592 | Lair:5   | Gained mutation: You have very sharp fingernails. [demonic
                  | ancestry]
 19592 | Lair:5   | Reached XP level 14. HP: 93/93 MP: 15/32
 20714 | D:12     | Reached skill level 5 in Dodging
 20916 | D:12     | Noticed Josephine
 20926 | D:12     | Killed Josephine
 21277 | D:12     | Found a staircase to the Orcish Mines.
 21279 | D:12     | Found a burning altar of Makhleb.
 21279 | D:12     | Noticed a balrug
 21499 | Orc:1    | Entered Level 1 of the Orcish Mines
 21499 | Orc:1    | Noticed Erolcha
 21504 | Orc:1    | Killed Erolcha
 22071 | Orc:2    | Entered Level 2 of the Orcish Mines
 22119 | Orc:2    | Found a staircase to the Elven Halls.
 22156 | Orc:2    | Noticed an orc warlord
 22171 | Orc:2    | HP: 2/94 [orc warlord/+0 great mace (17)]
 22175 | Orc:2    | Annihilated by an orc warlord

Illustrated notes

Levels and vault maps discovered:
D:1:      eino_arrival_water_cross, layout_basic
D:2:      minmay_razor_zed, layout_loops_corners, basic_altar
D:3:      layout_basic, nicolae_yredelemnul_corpse_copse, serial_curves,
          eino_curves_03, eino_curves_04, eino_curves_01
D:4:      layout_basic
D:5:      layout_loops_ring, tgw_xom, minmay_temple_entry_enclosed_plants,
          chequers_mini_garden, uniq_duvessa, uniq_grinder, uniq_edmund,
          uniq_eustachio
D:6:      layout_loops_corners, kennysheep_mini_moat,
          nicolae_dithmenos_shadow_blocks, mrwooster_statue_mirror
D:7:      nzn_winding_woodlands_medium [nzn_winding_woodlands_5x5_checkerboard,
          nzn_winding_woodlands_5x15_jagged, nzn_winding_woodlands_hourglass,
          nzn_winding_woodlands_5x5_closed_star,
          nzn_winding_woodlands_center_lodge, nzn_winding_woodlands_5x5_default,
          nzn_winding_woodlands_5x5_perimeter,
          nzn_winding_woodlands_5x15_sidewinder,
          nzn_winding_woodlands_5x5_three], layout_rooms,
          grunt_temple_overflow_open, enter_ossuary_3, serial_shops,
          nicolae_shop_advertising_works [nicolae_subvault_shop_adworks],
          kennysheep_path_1
D:8:      layout_basic, mainiacjoe_overflow_cross_hatched,
          mainiacjoe_overflow_chevrons, hellmonk_guarded_unrand_hermit,
          uniq_grum, uniq_maurice, uniq_amaemon
D:9:      layout_gridville, gammafunk_ghost_nasty_kobolds, serial_shops,
          nicolae_shop_crystal, uniq_erica
D:10:     layout_roguey, tso_altar, mainiacjoe_overflow_brackets,
          nicolae_qazlal_general_emergency, serial_shops, shop_fountains
D:11:     layout_loops_ring, lair_entry_dummy, nzn_life_drinkers, uniq_harold,
          uniq_psyche
D:12:     layout_basic, minmay_orc_entry_guard_dogs, makhleb_altar_promises_db,
          uniq_josephine
Temple:   minmay_freezing_vapour_temple
Lair:1:   layout_cellular_growth, minivault_26, lemuel_fruit_fields,
          infiniplex_staircase_pool
Lair:2:   layout_cave_pods, swamp_mist, columned_hall_lemuel,
          lemuel_fruit_fields, uniq_urug, uniq_nergalle, uniq_maggie
Lair:3:   layout_roguey, guppyfry_snake_entry_garden, gauntlet_entry_generic
Lair:4:   layout_layer_cave, slime_entry_1, grunt_megastairs_5
Lair:5:   hangedman_lair_tendril_chambers, layout_layer_cave,
          chequers_serial_rivers_small_b, uniq_sonja
Orc:1:    layout_diamond_mine, serial_shops, mines2_david, uniq_erolcha
Orc:2:    st_orc_congregation, layout_caves, elves_outpost_lemuel

Skill      XL: |  1  2  3  4  5  6  7  8  9 10 11 12 13 14 |
---------------+-------------------------------------------+-----
Fire Magic     | 3 4 5 6 8 9 10 11 12 13 | 13.0
Dodging        | 2 3 4 5 |  5.1
Spellcasting   | 3 4 5 6 8 9 11 13 14 | 14.7
Conjurations   | 2 3 4 6 7 8 9 |  9.5
Short Blades   | 1 2 3 |  3.7
Armour         | 1 2 3 4 5 |  5.9
Fighting       | 1 2 3 |  3.7
Air Magic      | 2 |  2.6
Long Blades    | 3 4 |  4.1
Stealth        | |  1.7

Action                   |  1- 3 |  4- 6 |  7- 9 | 10-12 | 13-15 || total
-------------------------+-------+-------+-------+-------+-------++-------
Melee: Club              |     3 |       |       |       |       ||     3
       Whip              |     3 |       |       |       |       ||     3
       Rapier            |     6 |    21 |    18 |    85 |       ||   130
       Punch             |       |       |     1 |     2 |     3 ||     6
       Long sword        |       |       |       |    22 |   131 ||   153
 Cast: Foxfire           |    40 |   107 |   160 |   262 |   193 ||   762
       Scorch            |    17 |    20 |    45 |   108 |    70 ||   260
       Flame Wave        |       |       |    11 |    42 |    36 ||    89
       Airstrike         |       |       |       |    15 |     2 ||    17
       Kindle Blastspark |       |       |       |     1 |       ||     1
       Lightning Bolt    |       |       |       |       |    18 ||    18
Evoke: Wand              |       |       |       |     1 |       ||     1
  Use: Scroll            |       |     7 |     3 |     6 |     8 ||    24
       Potion            |       |       |     1 |     5 |     1 ||     7
 Stab: Paralysed         |       |       |       |     6 |    11 ||    17
       Sleeping          |       |       |       |     1 |       ||     1
Armor: Robe              |     6 |     5 |     2 |       |       ||    13
       Leather armour    |       |       |    26 |    89 |       ||   115
       Swamp dragon scal |       |       |       |    45 |   127 ||   172
Dodge: Dodged            |    32 |     6 |    29 |   112 |   158 ||   337

Table legend: (Time is in decaauts)
 A = Elapsed time spent in this place.
 B = Non-inter-level travel time spent in this place.
 C = Inter-level travel time spent in this place.
 D = Time resting spent in this place.
 E = Time spent auto-exploring this place.
 F = Levels seen in this place.
 G = Mean time per level.
                   A        B        C        D        E       F      G
               +--------+--------+--------+--------+--------+-----+--------+
         Total |  22261 |  21637 |    624 |    882 |  17047 |  21 | 1060.0 |
       Dungeon |  14234 |  13814 |    420 |    571 |  10965 |  12 | 1186.2 |
        Temple |      1 |      0 |      1 |      0 |      0 |   1 |    1.0 |
          Lair |   7040 |   6846 |    194 |    141 |   5500 |   5 | 1408.0 |
  Orcish Mines |    680 |    672 |      8 |      0 |    532 |   2 |  340.0 |
       Ossuary |    304 |    304 |      0 |    170 |     49 |   1 |  304.0 |
               +--------+--------+--------+--------+--------+-----+--------+

Top non-repeatable levels by time:
  Lair:5: 2082 daAuts
  Lair:2: 1614 daAuts
     D:2: 1576 daAuts
     D:3: 1570 daAuts
    D:11: 1487 daAuts
     D:5: 1475 daAuts
     D:7: 1462 daAuts
  Lair:4: 1435 daAuts
     D:6: 1230 daAuts
     D:9: 1171 daAuts
  Lair:3: 1073 daAuts
     D:1: 1053 daAuts
     D:8: 969 daAuts
     D:4: 924 daAuts
    D:12: 859 daAuts
